 Dungeon Crawl Stone Soup version 0.23.2-11-gf996548c65 (webtiles) character file.

Game seed: 7103622245724344529

65 Aurelien the Magician (level 3, -1/24 HPs)
             Began as a Demonspawn Wizard on June 3, 2019.
             Slain by Natasha (5 damage)
             ... on level 2 of the Dungeon.
             The game lasted 00:06:15 (2345 turns).

Aurelien the Magician (Demonspawn Wizard)           Turns: 2345, Time: 00:06:15

Health: -1/24      AC:  2    Str:  7    XL:     3   Next: 94%
Magic:  0/8        EV: 12    Int: 20    God:
Gold:   67         SH:  0    Dex: 11    Spells: 0/9 levels left

rFire    . . .     SeeInvis .   j - +0 quarterstaff (speed)
rCold    . . .     Gourm    .   (shield currently unavailable)
rNeg     . . .     Faith    .   a - +0 robe
rPois    .         Spirit   .   b - +0 hat
rElec    .         Reflect  .   (no cloak)
rCorr    .         Harm     .   (no gloves)
MR       .....                  (no boots)
Stlth    ++........             (no amulet)
HPRegen  0.08/turn              (no ring)
MPRegen  0.11/turn              (no ring)

@: lethally poisoned (-1 -> -11), very slightly contaminated
A: antennae 1
a: no special abilities


You were on level 2 of the Dungeon.
You were not hungry.

You visited 1 branch of the dungeon, and saw 2 of its levels.

You collected 67 gold pieces.

Inventory:

Hand Weapons
 e - a +2 whip of draining
 j - a +0 quarterstaff of speed (weapon)
Armour
 a - a +0 robe (worn)
 b - a +0 hat (worn)
Scrolls
 g - 2 scrolls of magic mapping {unknown}
 h - a scroll of remove curse
 m - a scroll of immolation {unknown}
 n - a scroll of identify {unknown}
 o - a scroll of fear {unknown}
Potions
 c - a potion of cancellation {unknown}
 f - a potion of mutation {unknown}
 i - a potion of invisibility {unknown}
 l - a potion of heal wounds {unknown}
Comestibles
 d - 3 rations
 k - a chunk of flesh


   Skills:
 + Level 0.2 Fighting
 + Level 0.2(0.4) Maces & Flails
 + Level 0.5(0.6) Staves
 + Level 2.4 Dodging
 + Level 2.1 Stealth
 + Level 0.5 Unarmed Combat
 + Level 3.7 Spellcasting
 + Level 1.2 Conjurations
 + Level 1.0 Summonings
   Level 0.8 Translocations


You couldn't memorise any spells.
You knew the following spells:

 Your Spells              Type           Power        Failure   Level  Hunger
a - Magic Dart            Conj           #...         9%          1    None
b - Conjure Flame         Conj/Fire      #.......     30%         3    ###....
c - Call Imp              Summ           #.......     13%         2    ##.....
d - Mephitic Cloud        Conj/Pois/Air  #.......     34%         3    ###....

Your spell library contained the following spells:

 Spells                   Type           Power        Failure   Level  Hunger
 Blink                    Tloc           N/A          14%         2    ##.....
 Slow                     Hex            #.......     21%         2    ##.....


Dungeon Overview and Level Annotations

Branches:
Dungeon (2/15)

Altars:
Nemelex Xobeh

Annotations:
D:2 Natasha


Innate Abilities, Weirdness & Mutations

You have a pair of small antennae on your head.


Message History

You feel sick. Natasha casts a spell at you. The magic dart hits you.
* * * LOW HITPOINT WARNING * * *
Casting: Magic Dart (safe; 9% risk of failure)
Confirm with . or Enter, or press ? or * to list all spells.
You don't have enough magic to cast that spell.
Casting: Magic Dart (safe; 9% risk of failure)
Confirm with . or Enter, or press ? or * to list all spells.
Okay, then.
Okay, then.
Okay, then.
You barely miss Natasha.
Natasha is moderately wounded.
* * * LOW HITPOINT WARNING * * *
You feel sick.
You hit Natasha.
Natasha is severely wounded.
Natasha claws you.
You die...

##.## #).. #. #...# ####
#. #.#.# .. #...# #.
##.## # #. ####.######
###.#.#### #.........##
##.(..h†..###.#.....#.##
.......@...............'
##.....##.###.......#.##
#.#.#. #.# #.......#.##
# .. #.# #.......#.# #.#
#.# #.#...###.# .. ..#
#.#...###.# ##. ###
#.........# #.
#####.##### ##.######


You could see Natasha.

Vanquished Creatures
  2 adders (D:2)
  2 oozes
  A ball python (D:1)
  7 bats
  A giant cockroach (D:2)
  3 goblins
  6 hobgoblins
  4 jackals (D:1)
  A quokka (D:2)
  2 frilled lizards (D:1)
  3 kobolds
  5 rats
37 creatures vanquished.

Notes
Turn   | Place    | Note
-------+----------+-------------------------------------------
     0 | D:1      | Aurelien the Demonspawn Wizard began the quest for the Orb.
     0 | D:1      | Reached XP level 1. HP: 13/13 MP: 4/4
   198 | D:1      | Gained mutation: You have a pair of small antennae on your
                  | head. [demonic ancestry]
   198 | D:1      | Reached XP level 2. HP: 19/19 MP: 0/6
   433 | D:1      | Found a sparkling altar of Nemelex Xobeh.
   973 | D:1      | Reached XP level 3. HP: 24/24 MP: 5/8
  1574 | D:2      | Learned a level 3 spell: Conjure Flame
  1577 | D:2      | Learned a level 2 spell: Call Imp
  1581 | D:2      | Learned a level 3 spell: Mephitic Cloud
  2332 | D:2      | Noticed Natasha
  2345 | D:2      | Slain by Natasha

Skill      XL: |  1  2 |
---------------+-------+-----
Stealth        | 2 |  2.1
Dodging        | 2 |  2.4
Fighting       | |  0.2
Maces & Flails | |  0.2
Staves         | |  0.5
Unarmed Combat | |  0.5
Spellcasting   | |  3.7
Conjurations   | |  1.2
Summonings     | |  1.0
Translocations | |  0.8

Action                   || total
-------------------------++-------
Melee: Unarmed           ||    19
       Whip              ||    31
       Quarterstaff      ||    18
 Cast: Magic Dart        ||    79
  Use: Scroll            ||     1
  Eat: Chunk             ||     4
Armor: Robe              ||    20
Dodge: Dodged            ||    66
